 Dungeon Crawl Stone Soup version 0.31-a0-806-g0bc164a743 (webtiles) character file.

Game seed: 13513568648392649978

2235 Bravepunisher the Nimble (level 9, 0/48 HPs)
             Began as a Spriggan Monk on Sept 20, 2023.
             Was a Priest of Makhleb.
             Succumbed to a gnoll sergeant's poison
             ... on level 6 of the Dungeon on Sept 21, 2023.
             The game lasted 00:17:58 (6310 turns).

Bravepunisher the Nimble (Spriggan Monk)            Turns: 6310, Time: 00:17:58

Health: 0/48       AC:  2    Str:  7    XL:     9   Next: 14%
Magic:  16/16      EV: 27    Int: 11    God:    Makhleb [***...]
Gold:   351        SH:  0    Dex: 28    Spells: 8/8 levels left

rFire   . . .        C - +3 short sword
rCold   . . .        (no shield)
rNeg    . . .        b - +0 robe
rPois   .            (helmet restricted)
rElec   .            (no cloak)
rCorr   .            (gloves unavailable)
SInv    +            (boots unavailable)
Will    +....        (no amulet)
Stlth   ++           f - +6 ring of dexterity
HPRegen 0.28/turn    (no ring)
MPRegen 0.15/turn

%: no passive effects
@: brilliant, lethally poisoned (0 -> -15), very quick
A: very small, no large weapons, unfitting armour, see invisible, speed 3
a: Renounce Religion, Minor Destruction, Lesser Servant of Makhleb


You were on level 6 of the Dungeon.
You worshipped Makhleb.
Makhleb was most pleased with you.
You visited 2 branches of the dungeon, and saw 9 of its levels.
You also visited: Ossuary.

You collected 351 gold pieces.

Inventory:

Hand Weapons
 C - a +3 short sword (weapon)
Armour
 b - a +0 robe (worn)
 d - an orb of light
Jewellery
 f - a +6 ring of dexterity (left hand)
 s - an amulet of magic regeneration
 x - a +4 ring of protection
 B - a +4 ring of protection
Wands
 r - a wand of flame (25)
 A - a wand of mindburst (14)
Scrolls
 e - 2 scrolls of enchant armour {unknown}
 g - a scroll of immolation {unknown}
 h - 3 scrolls of identify {unknown}
 j - 2 scrolls of vulnerability {unknown}
 l - 3 scrolls of teleportation {unknown}
 m - a scroll of enchant weapon {unknown}
 n - a scroll of fear {unknown}
 t - 2 scrolls of blinking {unknown}
 u - a scroll of amnesia {unknown}
 w - a scroll of noise {unknown}
 y - a scroll of silence {unknown}
Potions
 c - a potion of ambrosia
 i - a potion of brilliance
 k - 7 potions of curing {unknown}
 o - a potion of berserk rage {unknown}
 p - a potion of attraction {unknown}
 q - 2 potions of haste {unknown}
 v - a potion of lignification {unknown}
 z - a potion of mutation {unknown}


   Skills:
 + Level 5.7 Fighting
 - Level 3.2 Short Blades
 + Level 8.9 Dodging
 * Level 8.4 Invocations


You had 8 spell levels left.
You didn't know any spells.
Your spell library contained the following spells:

 Spells                   Type           Power      Damage    Failure   Level
 Shock                    Conj/Air       0%         1d3       34%         1
 Ensorcelled Hibernation  Hex/Ice        0%         N/A       47%         2
 Jinxbite                 Hex            0%         N/A       47%         2
 Call Canine Familiar     Summ           0%         N/A       71%         3
 Ignite Poison            Fire/Tmut/Pois 0%         N/A       71%         3
 Sigil of Binding         Hex            0%         N/A       71%         3
 Swiftness                Air            0%         N/A       71%         3
 Airstrike                Air            0%         2d(0-16)  98%         4
 Anguish                  Hex/Necr       0%         N/A       98%         4
 Dimensional Bullseye     Hex/Tloc       0%         N/A       98%         4
 Leda's Liquefaction      Hex/Erth       0%         N/A       98%         4
 Sticky Flame             Conj/Fire      0%         2d3       98%         4
 Malign Gateway           Summ/Tloc      0%         N/A       100%        7
 Ignition                 Fire           0%         3d3       100%        8
 Summon Horrible Things   Summ           0%         N/A       100%        8


Dungeon Overview and Level Annotations

Branches:
Dungeon (8/15)             Temple (1/1) D:5         Ossuary (visited)
   Lair: D:8-11

Altars:
Ashenzari
Cheibriados
Dithmenos
Elyvilon
Fedhas
Gozag
Hepliaklqana
Makhleb
Nemelex Xobeh
Okawaru
Qazlal
Ru
Sif Muna
Vehumet
Xom
Yredelemnul
Zin
The Shining One

Shops:
D:6 =

Annotations:
Temple 2 transporters


Innate Abilities, Weirdness & Mutations

You are very small and have problems with some larger weapons.
You are too small for most types of armour.
You have supernaturally acute eyesight. (SInv)
You cover ground extremely quickly. (Speed+++)


Message History

You closely miss the centaur. The ufetubus completely misses you. x2
The centaur completely misses you. The centaur misses you.
The ufetubus completely misses you. The ufetubus closely misses you.
The gnoll sergeant hits you from afar with a +1 spear of venom!
You are poisoned.
You feel sick. The centaur completely misses you. x2
You feel sick.
Aiming: Minor Destruction (0% risk of failure)
Press: ? - help, Shift-Dir - straight line, f - centaur
Aim: a centaur The centaur writhes in agony!
You feel sick.
The centaur wields a +0 shortbow.
The centaur shoots an arrow.
The arrow misses you. The ufetubus barely misses you. x2
You feel sick.
The centaur shoots an arrow.
The arrow completely misses you. The ufetubus attacks as it pursues you!
The ufetubus misses you. The ufetubus completely misses you.
Aiming: Minor Destruction (0% risk of failure)
Press: ? - help, Shift-Dir - straight line, f/p - centaur
Aim: a centaur, wielding a +0 shortbow (moderately wounded)
The centaur writhes in agony.
You feel sick. The ufetubus completely misses you. x2
Unknown command.
The centaur shoots an arrow.
The arrow barely misses you.
The gnoll sergeant attacks as it pursues you!
The gnoll sergeant hits you from afar with a +1 spear of venom.
* * * LOW HITPOINT WARNING * * *
You are lethally poisoned!
* * * LOW HITPOINT WARNING * * *
You feel very sick. The ufetubus attacks as it pursues you!
The ufetubus hits you.
* * * LOW HITPOINT WARNING * * *
The ufetubus misses you.
* * * LOW HITPOINT WARNING * * *
You feel very sick. The ufetubus attacks as it pursues you!
The ufetubus completely misses you. The ufetubus hits you.
* * * LOW HITPOINT WARNING * * *
It was a potion of brilliance.
You feel clever all of a sudden.
You die...

..<#.....#...#######
####.#...#.........#
..##.###.#.#...[.#†#
#.##.#.....#.###.#.####
#.##...#.###.#...#....#
#.######.....#...####.#
.......#########...##.#
.................>....#
.....#.#########@#.#.##
####.### .#.....5#.#.#
####.#. .#.#..#.#.#.#
.....#### #....cg#.#.#
#######.. #......#.#.#
#...#.#..#l#.#.#
5.#......#...# '
######'##.### ##
.Y#.....#..#


You could see a gnoll sergeant, a centaur, an iguana and an ufetubus.

Vanquished Creatures
  A two-headed ogre (D:5)
  A steam dragon (D:6)
  A black bear (D:6)
  3 ogres
  A centaur (D:5)
  A phantom (D:5)
  2 bullfrogs (D:6)
  2 scorpions
  3 wights (D:6)
  4 hounds
  2 orc priests (D:5)
  2 jellies
  4 iguanas
  2 sleepcaps
  Ijyb (D:3)
  2 orc wizards (D:5)
  6 adders
  3 gnolls (D:4)
  A shadow imp (D:6)
  A white imp (D:5)
  An ufetubus (D:5)
  A worm (D:4)
  9 orcs
  9 endoplasms
  4 giant cockroaches
  4 goblins (D:1)
  3 hobgoblins
  4 jackals (D:4)
  3 quokkas
  5 ball pythons
  4 bats
  A frilled lizard (D:1)
  5 rats
96 creatures vanquished.

Vanquished Creatures (others)
  A quokka (D:5)
1 creature vanquished.

Grand Total: 97 creatures vanquished

Notes
Turn   | Place    | Note
-------+----------+-------------------------------------------
     0 | D:1      | Bravepunisher the Spriggan Monk began the quest for the
                  | Orb.
     0 | D:1      | Reached XP level 1. HP: 11/11 MP: 2/2
   156 | D:3      | Found a sacrificial altar of Ru.
   256 | D:5      | Entered Level 5 of the Dungeon
   308 | D:4      | Found an opulent altar of Gozag.
   309 | D:4      | Found a glowing golden altar of the Shining One.
   334 | D:4      | Reached XP level 2. HP: 16/16 MP: 3/3
   338 | D:4      | Found a stormy altar of Qazlal.
   378 | D:6      | Noticed a sky beast
   406 | D:6      | Noticed a gnoll sergeant
   410 | D:7      | Noticed a scorpion
   464 | D:7      | Noticed a shadow
   466 | D:7      | Noticed a kobold brigand
   470 | D:7      | Noticed a wraith
   541 | D:7      | Noticed a phantom
   548 | D:8      | Found a sand-covered staircase.
   553 | Ossuary  | Entered an ossuary
   561 | Ossuary  | Noticed a scorpion
   661 | D:6      | Found Odiufid's Jewellery Emporium.
   673 | D:6      | Noticed an ogre
   701 | D:6      | Noticed an ogre
   724 | D:6      | Found a broken altar of Ashenzari.
   799 | D:6      | Noticed a wight
   799 | D:6      | Noticed a wight
   799 | D:6      | Noticed a wight
   903 | D:5      | Noticed an ogre
   912 | D:5      | Found a staircase to the Ecumenical Temple.
   915 | D:5      | Noticed a phantom
   919 | Temple   | Found a transporter.
   919 | Temple   | Found a transporter.
   919 | Temple   | Found a transporter.
   919 | Temple   | Found a transporter.
   919 | Temple   | Entered the Ecumenical Temple
   937 | Temple   | Became a worshipper of Makhleb the Destroyer
   937 | Temple   | Reached * piety under Makhleb
   937 | Temple   | Reached ** piety under Makhleb
  1097 | D:1      | Found a faded altar of an unknown god.
  1491 | D:1      | Reached skill level 1 in Invocations
  2037 | D:2      | Reached XP level 3. HP: 17/19 MP: 4/4
  2924 | D:3      | Noticed Ijyb
  2930 | D:3      | Killed Ijyb
  2931 | D:3      | Reached XP level 4. HP: 20/24 MP: 6/6
  3202 | D:3      | Found an iron altar of Okawaru.
  3423 | D:4      | Reached skill level 5 in Dodging
  3566 | D:4      | Reached XP level 5. HP: 18/28 MP: 6/8
  4154 | D:4      | Reached XP level 6. HP: 29/32 MP: 9/9
  4448 | D:5      | Reached *** piety under Makhleb
  4527 | D:5      | Noticed a two-headed ogre
  5029 | D:5      | Killed a two-headed ogre
  5030 | D:5      | Reached XP level 7. HP: 31/38 MP: 10/12
  5031 | D:5      | Reached XP level 8. HP: 33/42 MP: 10/13
  5249 | D:5      | Found a shadowy altar of Dithmenos.
  5464 | D:5      | Found a basalt altar of Yredelemnul.
  5464 | D:5      | Found a hazy altar of Hepliaklqana.
  5465 | D:5      | Found a radiant altar of Vehumet.
  5488 | D:5      | Reached skill level 5 in Fighting
  5655 | D:5      | Found a white marble altar of Elyvilon.
  6127 | D:6      | Reached XP level 9. HP: 22/47 MP: 16/16
  6309 | D:6      | HP: 2/48 [ufetubus (3)]
  6310 | D:6      | Succumbed to a gnoll sergeant's poison

Illustrated notes

Levels and vault maps discovered:
D:1:      saegor_arrival_miasma, layout_basic, serial_rivers,
          chequers_serial_rivers_micro_e, chequers_serial_rivers_small_a,
          chequers_serial_rivers_small_b, chequers_serial_rivers_micro_b,
          shapermc_ecumenical_altar_notcrosses, hangedman_decor_growths,
          minmay_misc_feat_iff, roderic_serpentine_path
D:2:      layout_loops_corners, minmay_misc_feat_four_crosses
D:3:      layout_basic, amcnicky_altar_gilded,
          mainiacjoe_overflow_small_starburst, uniq_ijyb
D:4:      layout_basic, grunt_qazlal_clouds, minitemple,
          kennysheep_generic_room_12
D:5:      layout_rooms, grunt_dithmenos_smoke_and_mirrors, elyvilon_altar_4,
          gammafunk_temple_overflow_forgotten, minmay_temple_entry_wispy
D:6:      minmay_clustersquares, layout_basic, cheibrodos_ashenzari_chains,
          gammafunk_ghost_smash, serial_shops, shop
D:7:      layout_loops_ring, mainiacjoe_overflow_tiny_flanked,
          lemuel_zombie_altar_kikubaaqudgha, minmay_three_doors
D:8:      cheibrodos_shockbox, layout_basic, serial_demonic, serial_demonic_a,
          serial_demonic_b, serial_demonic_f, serial_demonic_a,
          serial_demonic_b, serial_demonic_e, enter_ossuary_2, special_room
          [special_room_orc], uniq_psyche, uniq_amaemon
Temple:   hellmonk_temple_divided_pantheon

Skill      XL: |  1  2  3  4  5  6  7  8 |
---------------+-------------------------+-----
Invocations    | 1 2 3 6 8 |  8.4
Fighting       | 3 4 5 |  5.7
Dodging        | 5 7 8 |  8.9
Short Blades   | |  3.2

Action                     |  1- 3 |  4- 6 |  7- 9 || total
---------------------------+-------+-------+-------++-------
  Melee: Short sword       |    57 |    79 |    45 ||   181
 Invoke: Minor Destruction |    50 |    87 |   106 ||   243
         Lesser Servant of |       |       |     1 ||     1
    Use: Potion            |     1 |       |     1 ||     2
   Stab: Sleeping          |       |     1 |       ||     1
 Armour: Robe              |    18 |    19 |    35 ||    72
  Dodge: Dodged            |    65 |    67 |    90 ||   222

Table legend: (Time is in decaauts)
 A = Elapsed time spent in this place.
 B = Non-inter-level travel time spent in this place.
 C = Inter-level travel time spent in this place.
 D = Time resting spent in this place.
 E = Time spent auto-exploring this place.
 F = Levels seen in this place.
 G = Mean time per level.
                   A        B        C        D        E       F      G
               +--------+--------+--------+--------+--------+-----+--------+
         Total |   4511 |   4419 |     92 |    305 |   2882 |  10 |  451.1 |
       Dungeon |   4475 |   4388 |     87 |    305 |   2882 |   8 |  559.4 |
        Temple |     23 |     18 |      5 |      0 |      0 |   1 |   23.0 |
       Ossuary |     12 |     12 |      0 |      0 |      0 |   1 |   12.0 |
               +--------+--------+--------+--------+--------+-----+--------+

Top non-repeatable levels by time:
     D:4: 1069 daAuts
     D:5: 942 daAuts
     D:1: 614 daAuts
     D:2: 610 daAuts
     D:6: 580 daAuts
     D:3: 492 daAuts
     D:7: 127 daAuts
     D:8: 37 daAuts
  Temple: 23 daAuts
 Ossuary: 12 daAuts
